 Dungeon Crawl Stone Soup version 0.31.0-32-g396128a36d (webtiles) character file.

Game seed: 6856270259923006503

24 Peloso the Covered (level 2, 0/27 HPs)
             Began as a Minotaur Fighter on Apr 5, 2024.
             Slain by a goblin
             ... wielding a +0 club
             ... led by Robin
              (2 damage)
             ... on level 1 of the Dungeon.
             The game lasted 00:01:33 (771 turns).

Peloso the Covered (Minotaur Fighter)                Turns: 771, Time: 00:01:33

Health: 0/27       AC:  9    Str: 20    XL:     2   Next: 79%
Magic:  1/1        EV:  7    Int:  5    God:
Gold:   27         SH:  4    Dex:  9    Spells: 1/1 levels left

rFire   . . .        a - +0 long sword
rCold   + . .        d - +0 buckler
rNeg    . . .        c - +0 chain mail
rPois   .            (helmet restricted)
rElec   .            (no cloak)
rCorr   .            (no gloves)
SInv    .            (no boots)
Will    .....        (no amulet) Stlth
                     e - ring of protection from cold
HPRegen 0.24/turn    (no ring)
MPRegen 0.07/turn

%: no passive effects
@: no status effects
A: horns 2, retaliatory headbutt
a: no special abilities


You were on level 1 of the Dungeon.
You visited 1 branch of the dungeon, and saw 2 of its levels.

You collected 27 gold pieces.

Inventory:

Hand Weapons
 a - a +0 long sword (weapon)
Armour
 b - a +0 scale mail
 c - a +0 chain mail (worn)
 d - a +0 buckler (worn)
Jewellery
 e - a ring of protection from cold (left hand)
Potions
 g - a potion of might


   Skills:
 + Level 4.0 Fighting
 + Level 2.7 Long Blades
 + Level 4.1 Armour
 + Level 4.0 Shields


You had one spell level left.
You didn't know any spells.
Your spell library was empty.

Dungeon Overview and Level Annotations

Branches:
Dungeon (2/15)

Altars:

Annotations:
D:2 Robin


Innate Abilities, Weirdness & Mutations

You have a pair of horns on your head.
You reflexively headbutt those who attack you in melee.


Message History

The hobgoblin no longer looks unusually strong.
There is a stone staircase leading up here.
You hit the goblin.
You kill the goblin!
Robin roars a battlecry!
The goblins go into a battle-frenzy!
Your Fighting skill increases to level 4!
You hit the hobgoblin but do no damage. You block the hobgoblin's attack.
You barely miss the hobgoblin. You headbutt the hobgoblin.
You kill the hobgoblin!
You slash the goblin!
You kill the goblin!
Robin throws the goblin at you! You block the goblin's attack.
Robin throws the goblin at you! The goblin hits you but does no damage.
You are electrocuted!
* * * LOW HITPOINT WARNING * * *
The goblin barely misses you. You furiously retaliate!
You headbutt the goblin!
You kill the goblin!
The goblin completely misses you.
You climb upwards.
There is a stone staircase leading down here.
You completely miss the goblin.
The goblin hits you with a +2 dagger of electrocution.
* * * LOW HITPOINT WARNING * * *
You block the goblin's attack.
You hit the goblin.
The goblin is severely wounded.
The goblin completely misses you. The goblin hits you with a +0 club.
* * * LOW HITPOINT WARNING * * *
Unknown command.
You hit the goblin.
You kill the goblin!
The goblin hits you but does no damage.
Unknown command.
You barely miss the goblin. The goblin hits you but does no damage.
The goblin hits you with a +0 club.
* * * LOW HITPOINT WARNING * * *
You barely miss the goblin. The goblin hits you but does no damage.
You barely miss the goblin. The goblin hits you with a +0 club.
You die...

############ ####............ #.#
#.###.####.#. #.## #.# #.####.#.
#..# #.###........ ##.#
#............ #รท# ##########.#.
#.# #.#. #########
##.################.#. ........#
#...g@)..............>
...####.####..######.############
##............# #.#
#######.#####.# #.#
#######.#####.# #)#
#######.#####.# #.#
#######.#####.# #.#
#######.#####.## #.#
#######........# #.#


You could see a goblin (strong).

Vanquished Creatures
  A bat (D:1)
  An endoplasm (D:1)
  2 hobgoblins
  5 ball pythons (D:1)
  2 frilled lizards (D:1)
  10 goblins
  A kobold (D:1)
  A rat (D:1)
23 creatures vanquished.

Notes
Turn   | Place    | Note
-------+----------+-------------------------------------------
     0 | D:1      | Peloso the Minotaur Fighter began the quest for the Orb.
     0 | D:1      | Reached XP level 1. HP: 19/19 MP: 0/0
   397 | D:1      | Reached XP level 2. HP: 27/27 MP: 1/1
   740 | D:2      | Noticed Robin
   769 | D:1      | HP: 1/27 [goblin/+0 club[Robin] (3)]
   771 | D:1      | Slain by a goblin

Illustrated notes

Levels and vault maps discovered:
D:1:      dpeg_arrival_snail, layout_loops_ring
D:2:      layout_loops_cross, uniq_robin

Skill      XL: |  1  2 |
---------------+-------+-----
Armour         | 4 |  4.1
Shields        | 4 |  4.0
Fighting       | 4 |  4.0
Long Blades    | |  2.7

Action                     || total
---------------------------++-------
  Melee: Long sword        ||    52
         Headbutt          ||     3
    Use: Scroll            ||     3
         Potion            ||     1
 Armour: Chain mail        ||    47
  Dodge: Dodged            ||    20
  Block: Buckler           ||    13
